 Dungeon Crawl Stone Soup version 0.23-a0-108-gf7ee2ed (webtiles) character file.

4 CanOfBees the Caller (level 1, -2/10 HPs)
             Began as a Tengu Summoner on Aug 21, 2018.
             Slain by a gnoll
             ... wielding a +0 spear
              (7 damage)
             ... on level 1 of the Dungeon.
             The game lasted 00:01:06 (947 turns).

CanOfBees the Caller (Tengu Summoner)                Turns: 947, Time: 00:01:07

Health: -2/10      AC:  2    Str:  8    XL:     1   Next: 70%
Magic:  1/4        EV: 12    Int: 15    God:
Gold:   11         SH:  0    Dex: 14    Spells: 3/4 levels left

rFire    . . .     SeeInvis .   (no weapon)
rCold    . . .     Gourm    .   (no shield)
rNeg     . . .     Faith    .   a - +0 robe
rPois    .         Spirit   .   (helmet restricted)
rElec    .         Reflect  .   (no cloak)
rCorr    .         Harm     .   (no gloves)
MR       .....                  (boots unavailable)
Stlth    ++........             (no amulet)
HPRegen  0.03/turn              (no ring)
MPRegen  0.09/turn              (no ring)

@: no status effects
A: beak, talons 3
a: no special abilities


You were on level 1 of the Dungeon.
You were not hungry.

You visited 1 branch of the dungeon, and saw 1 of its levels.

You collected 11 gold pieces.

Inventory:

Missiles
 b - 22 stones (quivered)
Armour
 a - a +0 robe (worn)
Scrolls
 e - a scroll of remove curse {unknown}
 f - a scroll of magic mapping {unknown}
 g - a scroll of identify {unknown}
 j - a scroll of enchant weapon {unknown}
Potions
 d - 2 potions of curing {unknown}
 h - a potion of ambrosia {unknown}
Comestibles
 c - 3 rations


   Skills:
 + Level 0.3 Fighting
 - Level 2.1 Dodging
 - Level 2.0 Stealth
 + Level 2.0 Spellcasting
 * Level 5.0 Summonings


You had 3 spell levels left.
You knew the following spells:

 Your Spells              Type           Power        Failure   Level  Hunger
a - Summon Small Mammal   Summ           ###.         2%          1    #......

Your spell library contained the following spells:

 Spells                   Type           Power        Failure   Level  Hunger
 Call Imp                 Summ           ###.....     4%          2    ###....
 Call Canine Familiar     Summ           ###.....     9%          3    ###....
 Summon Guardian Golem    Hex/Summ       #.......     24%         3    ###....
 Summon Ice Beast         Ice/Summ       #.......     61%         4    #####..
 Summon Lightning Spire   Summ/Air       #.......     61%         4    #####..


Dungeon Overview and Level Annotations

Branches:
Dungeon (1/15)

Altars:


Innate Abilities, Weirdness & Mutations

You have a beak for a mouth.
You have claws for feet.


Message History

Your bat closely misses the gnoll.
Your bat hits the gnoll. Your bat misses the gnoll.
Your bat hits the gnoll but does no damage.
Your bat closely misses the gnoll.
Your rat bites the gnoll but does no damage.
Your bat completely misses the gnoll.
Your bat hits the gnoll but does no damage.
Your bat hits the gnoll but does no damage.
Your bat hits the gnoll but does no damage.
Your bat hits the gnoll. Your bat hits the gnoll.
Your bat barely misses the gnoll.
Your bat hits the gnoll but does no damage.
Casting: Summon Small Mammal (safe; 2% risk of failure)
Confirm with . or Enter, or press ? or * to list all spells.
Your rat disappears in a puff of smoke!
Your bat hits the gnoll.
The gnoll hits you from afar with a spear!
Ouch! That really hurt!
You die...

#.##......#.#.###..#######
#.#.......#...# #..#......
#.#......)#######..#.#....
#.#br.....# #......#.#.###
#.#.......# #.####.#......
#.#.......# #.# #.###.###
#.#.####### #.# #.# #.#
#.#.#########.# #.# #.#
#.#ยง..bg.@b...# #.# #.#
##.################.###.#
#..............)........#
###################.#######
#........ #########


You could see a gnoll and 2 friendly bats.

Vanquished Creatures
  A bat (D:1)
  A rat (D:1)
2 creatures vanquished.

Vanquished Creatures (collateral kills)
  A goblin (D:1)
  A hobgoblin (D:1)
  2 kobolds (D:1)
  A rat (D:1)
5 creatures vanquished.

Grand Total: 7 creatures vanquished

Notes
Turn   | Place    | Note
-------+----------+-------------------------------------------
     0 | D:1      | CanOfBees the Tengu Summoner began the quest for the Orb.
     0 | D:1      | Reached XP level 1. HP: 10/10 MP: 4/4
   504 | D:1      | Reached skill level 5 in Summonings
   947 | D:1      | Slain by a gnoll

Vault maps used:
D:1:      enne_arrival_octagon_isle

Skill      XL: |  1 |
---------------+----+-----
Summonings     | 5 |  5.0
Fighting       | |  0.3
Dodging        | |  2.1
Stealth        | |  2.0
Spellcasting   | |  2.0

Action                   || total
-------------------------++-------
Melee: Unarmed           ||     2
       Kick              ||     1
 Cast: Summon Small Mamm ||    26
Armor: Robe              ||     5
Dodge: Dodged            ||    10

Table legend:
 A = Non-vault XP
 B = Vault XP
 C = Vault XP percentage of total XP
 D = Non-vault monster count
 E = Vault monster count
 F = Vault count percentage of total count
                 A         B        C        D         E       F
            +---------+---------+-------+---------+---------+-------
      Total |       7 |       0 |   0.0 |       7 |       0 |   0.0
            +---------+---------+-------+---------+---------+-------
        D:1 |       7 |       0 |   0.0 |       7 |       0 |   0.0
            +---------+---------+-------+---------+---------+-------
